[Event "Slovakia Open 2022"]
[Site "Bratislava"]
[Date "2022.10.01"]
[Round "5.25"]
[White "Krajnak, Robert"]
[Black "Csontos, Aron"]
[Result "1-0"]
[ECO "A13"]
[WhiteElo "1931"]
[BlackElo "1962"]
[Annotator "TA"]
[PlyCount "113"]
[EventDate "2022.09.30"]
[EventCountry "SVK"]
[SourceTitle "playchess.com"]
[Source "ChessBase"]
[SourceQuality "1"]
[TimeControl "2700+10"]

1. c4 e6 2. g3 d5 3. Bg2 d4 4. e3 c5 5. exd4 cxd4 6. d3 {[%emt 0:00:10] A13: English Opening: 1...e6.} Nf6 {[%emt 0:01:09] [#]} 7. Ne2 $146 ({Predecessor:} 7. Nf3 Nc6 8. O-O Bd6 9. a3 a5 10. Bg5 h6 11. Bxf6 Qxf6 12. Nbd2 Qe7 13. Ne4 Bc7 14. b4 axb4 15. axb4 Rxa1 16. Qxa1 {½-½ (34) Liu,Y (2530)-Zhao,J (2619) Fuling 2022}) 7... Nc6 8. O-O {[%emt 0:00:13] The position is equal.} Bc5 9. Na3 O-O 10. Rb1 Bxa3 (10... Re8 $11) 11. bxa3 $14 Qd6 12. a4 Nd7 13. Rb3 Nc5 14. Ba3 {[%emt 0:00:11] Threatening Bxc6.} e5 (14... b6 $1 $11) 15. Rb5 $36 {[%emt 0:01:07][%mdl 2048] White is on the roll.} b6 {[%emt 0:00:14] [#]} 16. Nc1 $1 Ba6 17. Nb3 Bxb5 18. axb5 Ne7 19. Bxa8 Rxa8 20. Bxc5 bxc5 21. a4 Rc8 22. Qf3 f6 23. a5 Kf7 24. Rb1 {[%emt 0:09:06] White is more active.} Ke8 $2 (24... Qc7 $16) 25. Qh5+ $18 Ng6 26. Qxh7 Kf7 {[%emt 0:00:08] Threatens to win with ...Rh8.} 27. Qh5 Rh8 28. Qf3 Qe6 (28... Rb8 {was necessary.} 29. Nd2 Nf8) 29. Nd2 Qh3 30. Qg2 Qg4 $2 (30... Qxg2+ {was called for.} 31. Kxg2 Nf8) 31. Ne4 f5 32. Nxc5 (32. f3 $142 Qh5 33. Nxc5) 32... f4 $2 (32... e4) 33. Qd5+ Ke7 34. Qb7+ Kf8 35. Qa8+ Kf7 36. Qxa7+ Ne7 37. Qd7 Qf3 38. Qe6+ Ke8 39. Qd7+ Kf7 40. Qb7 Qh5 41. h4 g5 42. Qd7 gxh4 43. Qe6+ Ke8 44. Qd7+ Kf7 $1 45. g4 Qg6 46. f3 h3 47. Kh2 Qh7 48. Qe6+ {[%emt 0:00:08] White mates.} Ke8 49. Ne4 Qh4 50. b6 Rh6 {[%emt 0:00:12] [#]} 51. Qxh6 $3 Qxh6 52. b7 Nc6 53. a6 Qe6 54. a7 {[%emt 0:00:08][%mdl 64] Deflection, Decoy, Promotion} Nxa7 55. b8=Q+ Nc8 56. Rb7 Qc6 57. Rh7 {[%emt 0:00:12] Weighted Error Value: White=0.32/Black=0.50} 1-0

[Event "Slovakia Open 2022"]
[Site "Bratislava"]
[Date "2022.10.01"]
[Round "5.26"]
[White "Prochazka, Peter"]
[Black "Babula, Matej"]
[Result "0-1"]
[ECO "B21"]
[WhiteElo "1792"]
[BlackElo "1864"]
[Annotator "NA RC COMBH"]
[PlyCount "38"]
[EventDate "2022.09.30"]
[EventCountry "SVK"]
[SourceTitle "playchess.com"]
[Source "ChessBase"]
[SourceQuality "1"]
[TimeControl "2700+10"]

1. e4 c5 2. d4 cxd4 3. c3 dxc3 4. Nxc3 Nc6 5. Nf3 d6 6. Bc4 Nf6 7. O-O e6 8. Qe2 Be7 9. Rd1 e5 10. h3 O-O 11. Be3 a6 12. Rac1 b5 13. Bd5 Nxd5 14. Nxd5 Bb7 15. Bb6 Qd7 16. Rxc6 Bxc6 17. Nxe5 dxe5 18. Nf6+ Bxf6 19. Rxd7 Bxd7 0-1

[Event "Slovakia Open 2022"]
[Site "Bratislava"]
[Date "2022.10.01"]
[Round "5.27"]
[White "Benci, Jozef"]
[Black "Rosol, Philip"]
[Result "1/2-1/2"]
[ECO "A11"]
[WhiteElo "1873"]
[BlackElo "1885"]
[Annotator "NA RC COMBH"]
[PlyCount "90"]
[EventDate "2022.09.30"]
[EventCountry "SVK"]
[SourceTitle "playchess.com"]
[Source "ChessBase"]
[SourceQuality "1"]
[TimeControl "2700+10"]

1. Nf3 Nf6 2. g3 d5 3. c4 c6 4. b3 g6 5. Bb2 Bg7 6. Bg2 O-O 7. O-O Bf5 8. d3 Nbd7 9. Nbd2 Re8 10. Nh4 Be6 11. Qc2 Qb6 12. Nhf3 Bg4 13. h3 Bxf3 14. Nxf3 e5 15. e3 Rad8 16. Rad1 h6 17. d4 e4 18. Nd2 Rc8 19. Nb1 h5 20. h4 Bh6 21. Qe2 Qa6 22. Nc3 Bf8 23. cxd5 Qxe2 24. Nxe2 Nxd5 25. a3 f5 26. Rc1 Kf7 27. Nc3 Nxc3 28. Rxc3 Nf6 29. Rfc1 Nd5 30. R3c2 Be7 31. Bf1 Ke6 32. Bc4 Kd7 33. Kf1 Bd6 34. Ke2 b5 35. Bxd5 cxd5 36. Kd2 a5 37. Rxc8 Rxc8 38. Rxc8 Kxc8 39. a4 b4 40. Ke2 Kd7 41. Kf1 Ke6 42. Kg2 Kf6 43. Kh3 Bf8 44. Bc1 Bh6 45. Bd2 Bf8 1/2-1/2

[Event "Slovakia Open 2022"]
[Site "Bratislava"]
[Date "2022.10.01"]
[Round "5.28"]
[White "Durovka, Stefan"]
[Black "Dolnik, Michal"]
[Result "0-1"]
[ECO "A35"]
[WhiteElo "1783"]
[BlackElo "1485"]
[Annotator "NA RC COMBH"]
[PlyCount "68"]
[EventDate "2022.09.30"]
[EventCountry "SVK"]
[SourceTitle "playchess.com"]
[Source "ChessBase"]
[SourceQuality "1"]
[TimeControl "2700+10"]

1. Nf3 Nf6 2. c4 c5 3. Nc3 Nc6 4. d4 cxd4 5. Nxd4 g6 6. e3 Bg7 7. g3 b6 8. Bg2 Bb7 9. Nxc6 Bxc6 10. Bxc6 dxc6 11. O-O Qc8 12. Qa4 O-O 13. b4 Qh3 14. f3 Rad8 15. Qc2 Qe6 16. Ne2 Ng4 17. Nd4 Rxd4 18. fxg4 Rxc4 19. Qb1 Bxa1 20. Qxa1 Rc2 21. Qd4 Qxa2 22. Qe4 Qc4 23. Qxc4 Rxc4 24. Ba3 Rd8 25. b5 cxb5 26. Bxe7 Rd2 27. Bf6 Rcc2 28. Ra1 b4 29. h4 b3 30. h5 b2 31. Bxb2 Rxb2 32. h6 a5 33. Kf1 a4 34. Ke1 Rh2 0-1

[Event "Slovakia Open 2022"]
[Site "Bratislava"]
[Date "2022.10.01"]
[Round "5.29"]
[White "Pekar, Matus"]
[Black "Rehacek, Jan"]
[Result "1-0"]
[ECO "D00"]
[WhiteElo "1679"]
[BlackElo "1342"]
[Annotator "NA RC COMBH"]
[PlyCount "47"]
[EventDate "2022.09.30"]
[EventCountry "SVK"]
[SourceTitle "playchess.com"]
[Source "ChessBase"]
[SourceQuality "1"]
[TimeControl "2700+10"]

1. d4 d5 2. Nc3 Bf5 3. Bf4 c6 4. Qd2 Nf6 5. h3 e6 6. O-O-O Bd6 7. Nf3 Ne4 8. Nxe4 Bxe4 9. Ne5 Bxe5 10. Bxe5 Rg8 11. h4 Nd7 12. f3 Nxe5 13. dxe5 Bg6 14. h5 Bxc2 15. Qxc2 Qg5+ 16. Kb1 Qxe5 17. Qc5 Kd7 18. e4 h6 19. Bd3 b6 20. Qb4 Rgb8 21. Rhe1 Qc7 22. exd5 cxd5 23. Bb5+ Kd8 24. Qf8# 1-0

[Event "Slovakia Open 2022"]
[Site "Bratislava"]
[Date "2022.10.01"]
[Round "5.30"]
[White "Slivka, Vasil"]
[Black "Hlavac, Tomas"]
[Result "0-1"]
[ECO "E90"]
[WhiteElo "1569"]
[BlackElo "1554"]
[Annotator "NA RC COMBH"]
[PlyCount "136"]
[EventDate "2022.09.30"]
[EventCountry "SVK"]
[SourceTitle "playchess.com"]
[Source "ChessBase"]
[SourceQuality "1"]
[TimeControl "2700+10"]

1. d4 Nf6 2. c4 g6 3. Nc3 Bg7 4. e4 d6 5. Nf3 O-O 6. g3 Bg4 7. Bg2 Nbd7 8. O-O c5 9. Be3 a6 10. Rc1 Rb8 11. Qd2 b5 12. cxb5 axb5 13. a3 b4 14. axb4 cxb4 15. Ne2 Nxe4 16. Qd3 Bf5 17. Qd1 Ndf6 18. Nh4 d5 19. Nxf5 gxf5 20. f3 Nd6 21. b3 Nb5 22. Qd2 Na3 23. Bh6 Bxh6 24. Qxh6 Kh8 25. Rc6 Rg8 26. Nf4 Qf8 27. Qxf8 Rgxf8 28. Rfc1 Nb5 29. Ne2 Nd6 30. h3 Rfc8 31. Rxc8+ Rxc8 32. Rxc8+ Nxc8 33. Nf4 Nd6 34. Nd3 Nb5 35. Nxb4 Nxd4 36. f4 e6 37. Nd3 Nxb3 38. Ne5 Kg7 39. Kf2 Ne4+ 40. Bxe4 fxe4 41. Ke3 f5 42. g4 d4+ 43. Ke2 d3+ 44. Nxd3 exd3+ 45. Kxd3 fxg4 46. hxg4 Kf6 47. Ke4 Nc5+ 48. Kd4 Nd7 49. Ke4 Nf8 50. g5+ Kf7 51. f5 exf5+ 52. Kxf5 Ne6 53. Kg4 Kg6 54. Kh4 Nxg5 55. Kg4 Ne6 56. Kh4 h5 57. Kg3 Kg5 58. Kh3 Kf4 59. Kh4 Ng7 60. Kh3 Kg5 61. Kg3 h4+ 62. Kh3 Nf5 63. Kg2 Kg4 64. Kh2 Ne3 65. Kh1 Kg3 66. Kg1 Ng4 67. Kh1 h3 68. Kg1 h2+ 0-1

[Event "Slovakia Open 2022"]
[Site "Bratislava"]
[Date "2022.10.01"]
[Round "5.31"]
[White "Dubnicka, Ferdinand"]
[Black "Merva Max"]
[Result "1-0"]
[ECO "C47"]
[WhiteElo "1494"]
[BlackElo "1000"]
[Annotator "NA RC COMBH"]
[PlyCount "45"]
[EventDate "2022.09.30"]
[EventCountry "SVK"]
[SourceTitle "playchess.com"]
[Source "ChessBase"]
[SourceQuality "1"]
[TimeControl "2700+10"]

1. e4 e5 2. Nf3 Nc6 3. Nc3 Nf6 4. h3 Bb4 5. d3 d6 6. Bg5 O-O 7. Be2 Be6 8. O-O Nd4 9. Nxd4 exd4 10. Nd5 Bxd5 11. exd5 c6 12. a3 Ba5 13. b4 Bb6 14. Bf3 Qe7 15. Re1 Qd7 16. Bxf6 gxf6 17. Qd2 c5 18. Qh6 Qf5 19. Be4 Qg6 20. Bxg6 fxg6 21. Re4 Rae8 22. Rae1 Kf7 23. Qxh7# 1-0

[Event "Slovakia Open 2022"]
[Site "Bratislava"]
[Date "2022.10.01"]
[Round "5.32"]
[White "Malaschitz, Teodor"]
[Black "Nikpour Aryabod"]
[Result "1-0"]
[ECO "B12"]
[WhiteElo "1448"]
[BlackElo "1000"]
[Annotator "NA RC COMBH"]
[PlyCount "99"]
[EventDate "2022.09.30"]
[EventCountry "SVK"]
[SourceTitle "playchess.com"]
[Source "ChessBase"]
[SourceQuality "1"]
[TimeControl "2700+10"]

1. e4 c6 2. d4 d5 3. e5 Bf5 4. h4 h5 5. Bd3 Bxd3 6. Qxd3 e6 7. Nf3 c5 8. c3 Nc6 9. Ng5 cxd4 10. cxd4 Be7 11. Nf3 Qb6 12. Nc3 Bb4 13. Bd2 Nge7 14. a3 Bxc3 15. Bxc3 Nf5 16. O-O Na5 17. Rad1 Nc4 18. Nd2 Nxd2 19. Qxd2 Nxh4 20. Bb4 O-O-O 21. Rc1+ Kd7 22. Ba5 Qa6 23. Bxd8 Rxd8 24. Qc3 Qb6 25. Rc2 Qc6 26. Qxc6+ bxc6 27. Rfc1 Rc8 28. Kf1 Nf5 29. Rd2 g5 30. Rc3 g4 31. Ke2 h4 32. Rb3 Rc7 33. Rb8 g3 34. b4 gxf2 35. Kxf2 Ng3 36. Kf3 Nf5 37. Kg4 Ke7 38. Kg5 Rd7 39. a4 Rd8 40. Rxd8 Kxd8 41. Kf6 Ke8 42. b5 Ng3 43. Ra2 Kf8 44. Kg5 Nf5 45. a5 Nxd4 46. b6 axb6 47. axb6 c5 48. Ra7 Kg8 49. Kf6 Kh7 50. b7 1-0

[Event "Slovakia Open 2022"]
[Site "Bratislava"]
[Date "2022.10.01"]
[Round "5.33"]
[White "Hryshko Herman"]
[Black "Kostic, Ivan"]
[Result "1-0"]
[ECO "D26"]
[WhiteElo "1000"]
[BlackElo "1716"]
[Annotator "NA RC COMBH"]
[PlyCount "101"]
[EventDate "2022.09.30"]
[EventCountry "SVK"]
[SourceTitle "playchess.com"]
[Source "ChessBase"]
[SourceQuality "1"]
[TimeControl "2700+10"]

1. d4 d5 2. c4 dxc4 3. e3 a6 4. Bxc4 e6 5. Nc3 Nf6 6. Nf3 b5 7. Bd3 Bb7 8. O-O Be7 9. Re1 O-O 10. e4 c5 11. e5 Nd5 12. Nxd5 Bxd5 13. Be4 cxd4 14. Nxd4 Bxe4 15. Rxe4 Qd5 16. Qe2 Rd8 17. Rg4 Bf8 18. Bg5 Rd7 19. b3 Rc7 20. Qd2 Nd7 21. f4 g6 22. h4 h5 23. Rg3 Bc5 24. Rd1 Nf8 25. Bf6 Rd7 26. Rd3 Bxd4+ 27. Rxd4 Qc5 28. Kh2 Rxd4 29. Qxd4 Qxd4 30. Rxd4 Nh7 31. Be7 Kg7 32. Rd6 a5 33. Rb6 b4 34. Kg3 Nf8 35. Rb7 Kg8 36. Kf3 Kg7 37. Ke3 a4 38. Bxf8+ Kxf8 39. Rxb4 axb3 40. axb3 Ke7 41. Rb7+ Ke8 42. b4 Rd8 43. b5 Rd7 44. Rb8+ Ke7 45. b6 Rd8 46. Rb7+ Ke8 47. Rc7 Rb8 48. b7 Kd8 49. Rxf7 Ke8 50. Rh7 Kd8 51. Kd4 1-0

[Event "Slovakia Open 2022"]
[Site "Bratislava"]
[Date "2022.10.01"]
[Round "5.34"]
[White "Ruderfer, Mark B"]
[Black "Romanova, Ela"]
[Result "0-1"]
[ECO "B23"]
[WhiteElo "2236"]
[BlackElo "1580"]
[Annotator "TA"]
[PlyCount "68"]
[EventDate "2022.09.30"]
[EventCountry "SVK"]
[SourceTitle "playchess.com"]
[Source "ChessBase"]
[SourceQuality "1"]
[TimeControl "2700+10"]

1. e4 c5 2. Nc3 Nc6 3. Bb5 g6 4. Bxc6 bxc6 5. d3 Bg7 6. f4 d6 7. Nf3 f5 {[%emt 0:00:38] B23: Closed Sicilian: Lines without g3.} 8. O-O Nf6 {[%emt 0:00:09] [#]} 9. Bd2 $146 (9. e5 $14 Nd5 10. Qd2) ({Predecessor:} 9. Kh1 O-O 10. e5 Nd5 11. Qe2 h6 12. Bd2 Rb8 13. b3 Kh7 14. Rae1 Nc7 15. Na4 {0-1 (34) Najer,E (2608)-Chuprov,D (2465) chessassistantclub.com INT 2004}) 9... O-O {[%emt 0:00:10] Black is slightly better.} 10. b3 Qb6 (10... fxe4 $15 11. dxe4 Rb8) 11. Kh1 (11. Na4 $14 Qc7 12. e5) 11... Qc7 (11... fxe4 $11 12. dxe4 a5) 12. Qe2 ({White should try} 12. e5 $14) 12... a5 13. Rae1 (13. e5 $5 Nd5 14. Na4 $14) 13... fxe4 14. dxe4 (14. Nxe4 $11 Nd5 15. Neg5) 14... Ba6 $36 {[%emt 0:00:50][%mdl 2048] White is under pressure.} 15. Qf2 Bxf1 (15... Ng4 {is interesting.} 16. Qh4 Bxf1 17. Ng5 Bxg2+ 18. Kxg2 Nf6) 16. Qxf1 e6 17. Nd1 {[%emt 0:04:28] White is now going downhill.} (17. Qc4 $15) 17... Rae8 18. Nf2 Nd7 {[%emt 0:01:17][%cal Oa5a4] Against e5} 19. Nd3 (19. a4 $17 {was called for.}) 19... e5 $19 20. Qf2 (20. fxe5 $17 Bxe5 21. a4) 20... exf4 21. Bxf4 Nf6 22. Nd2 $2 (22. e5 Ng4 23. Qg3 Nxe5 24. Bxe5 Bxe5 25. Nfxe5 dxe5 26. Nxc5) 22... Nh5 23. g3 g5 24. Qe2 Nxf4 25. gxf4 gxf4 26. Qf3 Kh8 27. Rf1 Be5 28. Nc4 Re7 29. Rg1 $2 (29. Qh3 {was the only defense.}) 29... Rg7 {[%emt 0:00:09] [#] aiming for ...Rfg8.} 30. Rf1 Rfg8 {[%emt 0:00:36] Hoping for ...Bd4.} 31. Ncxe5 dxe5 32. c4 Qd6 {[%emt 0:00:22] ( -> ...Qg6)} 33. Qh3 Qd4 34. Nf2 {[%emt 0:00:28] [#]} Qxf2 $3 {[%emt 0:00:05][%mdl 512] Weighted Error Value: White=0.88/Black=0.31} 0-1

[Event "Slovakia Open 2022"]
[Site "Bratislava"]
[Date "2022.10.01"]
[Round "5.35"]
[White "Nosal, Tobias"]
[Black "Rehacek, Oldrich"]
[Result "1-0"]
[ECO "E32"]
[WhiteElo "1601"]
[BlackElo "1366"]
[Annotator "NA RC COMBH"]
[PlyCount "43"]
[EventDate "2022.09.30"]
[EventCountry "SVK"]
[SourceTitle "playchess.com"]
[Source "ChessBase"]
[SourceQuality "1"]
[TimeControl "2700+10"]

1. d4 b6 2. c4 Bb7 3. Nc3 e6 4. e4 Bb4 5. Qc2 Nf6 6. Bd3 d5 7. cxd5 exd5 8. e5 Ne4 9. Nge2 c5 10. O-O Bxc3 11. Nxc3 Nxc3 12. bxc3 c4 13. Bf5 Bc8 14. Ba3 Nc6 15. Rfe1 Ne7 16. e6 Nxf5 17. Qxf5 f6 18. Qh5+ g6 19. Qh6 Qc7 20. e7 Kd7 21. e8=Q+ Rxe8 22. Qxh7+ 1-0

[Event "Slovakia Open 2022"]
[Site "Bratislava"]
[Date "2022.10.01"]
[Round "5.36"]
[White "Nedoba, Jakub"]
[Black "Kluckova, Alzbeta"]
[Result "1/2-1/2"]
[ECO "D00"]
[WhiteElo "1160"]
[BlackElo "1097"]
[Annotator "NA COMBH"]
[PlyCount "60"]
[EventDate "2022.09.30"]
[EventCountry "SVK"]
[SourceTitle "playchess.com"]
[Source "ChessBase"]
[SourceQuality "1"]
[TimeControl "2700+10"]

1. d4 d5 2. Bf4 Nc6 3. e3 e6 4. Nd2 Bd6 5. Bg3 Nge7 6. c3 O-O 7. Bd3 e5 8. dxe5 Bxe5 9. Ngf3 Bxg3 10. hxg3 Bf5 11. Qb1 Bxd3 12. Qxd3 h6 13. O-O-O Qd6 14. Ng5 f5 15. Ngf3 Ne5 16. Nxe5 Qxe5 17. Nf3 Qe4 18. Kc2 Qxd3+ 19. Kxd3 c6 20. Rh3 Rf6 21. Rdh1 Ng6 22. b3 Re8 23. Nh4 Nxh4 24. Rxh4 Re4 25. R4h2 Rfe6 26. Re1 Re7 27. Rh5 Rf7 28. f3 Re6 29. Rh4 Rg6 30. Rh3 Re7 1/2-1/2

[Event "Slovakia Open 2022"]
[Site "Bratislava"]
[Date "2022.10.01"]
[Round "6.1"]
[White "Korobov, Anton"]
[Black "Heberla, Bartlomiej"]
[Result "1/2-1/2"]
[ECO "D35"]
[WhiteElo "2671"]
[BlackElo "2568"]
[Annotator "TA"]
[PlyCount "113"]
[EventDate "2022.09.30"]
[EventCountry "SVK"]
[SourceTitle "playchess.com"]
[Source "ChessBase"]
[SourceQuality "1"]
[TimeControl "2700+10"]

1. d4 d5 2. c4 e6 3. Nc3 Nf6 4. cxd5 exd5 5. Bg5 c6 6. e3 h6 7. Bh4 Be7 8. Bd3 O-O 9. Nge2 $1 {[%emt 0:00:07][%mdl 4] is more profitable than 9.Qc2 at the moment. D35: Queen's Gambit Declined: Exchange Variation.} Re8 10. O-O Nbd7 11. a4 {[%emt 0:00:13] [#]} Bd6 $5 $146 {[%emt 0:00:06][%cal Od6h2][%mdl 8] New and interesting.} ({Predecessor:} 11... a5 12. f3 Nf8 13. Kh1 Qb6 14. Qd2 Be6 15. Bf2 Rad8 16. Rad1 Bb4 17. Qc1 Qc7 {0-1 (50) Santos Latasa,J (2680)-Korobov,A (2671) Bydgoszcz 2022}) 12. Kh1 a5 13. Qd2 Qe7 14. Rae1 Bb8 15. Ng3 {[%emt 0:00:56] Inhibits Ne4.} (15. Qc2 $11) 15... Ne4 $17 16. Bxe4 Qxh4 17. Bf5 g6 18. Bxd7 Bxd7 19. f4 Bd6 20. e4 {[%emt 0:02:17] [#]} dxe4 21. Ngxe4 Bb4 22. Nc5 $1 Bxc5 23. dxc5 Bf5 24. Kg1 Rad8 (24... Red8 {with more complications.} 25. Qe3 Rd3 26. Qe5 Rd2) 25. Rxe8+ $1 Rxe8 26. Qf2 Qe7 27. Rd1 {[%emt 0:00:57][%cal Bf1d1,Bd1d6,Bd6c6,Bc6c5][%mdl 32] The position is equal.} Qe6 28. h3 h5 29. Kh2 Qc4 30. Rd6 Qb4 31. Kg3 Rb8 32. Kh4 b6 33. Rxc6 bxc5 {[%emt 0:00:03][%mdl 64] [#] Remove Defender} 34. Rxc5 {[%emt 0:00:33] Strongly threatening Nd5.} Qxb2 35. Qxb2 Rxb2 $11 {[%emt 0:00:02][%mdl 4096] Endgame KRB-KRN} 36. g4 hxg4 37. hxg4 Bd7 38. Rxa5 Rg2 39. f5 gxf5 40. gxf5 Rc2 41. Nd5 Kg7 {[%emt 0:00:08] Against Nf6} 42. Nb6 Bc6 43. Ra7 Kf6 44. a5 Ra2 45. Kg4 Rg2+ 46. Kf4 Rf2+ 47. Ke3 Rxf5 48. Kd4 Ke6 49. Kc4 Rf1 50. Kc5 Rc1+ 51. Nc4 Bg2 {[%emt 0:00:01] And now ...Bf1 would win.} 52. Kd4 Bf1 53. Ne3 Be2 54. Rb7 Ra1 55. Rb6+ Kd7 56. Rb7+ Kc6 57. Rxf7 {[%emt 0:00:43] Weighted Error Value: White=0.05 (flawless) /Black=0.04 (flawless)} 1/2-1/2

[Event "Slovakia Open 2022"]
[Site "Bratislava"]
[Date "2022.10.01"]
[Round "6.2"]
[White "Stocek, Jiri"]
[Black "Laurusas, Tomas"]
[Result "1/2-1/2"]
[ECO "D23"]
[WhiteElo "2559"]
[BlackElo "2563"]
[Annotator "TA"]
[PlyCount "46"]
[EventDate "2022.09.30"]
[EventCountry "SVK"]
[SourceTitle "playchess.com"]
[Source "ChessBase"]
[SourceQuality "1"]
[TimeControl "2700+10"]

1. c4 c6 2. Nf3 d5 3. d4 Nf6 4. Qb3 dxc4 5. Qxc4 Bf5 6. g3 e6 7. Bg2 Be7 8. O-O {[%emt 0:00:06] D23: Queen's Gambit Accepted: 3 Nf3 Nf6 sidelines.} O-O 9. e3 Nbd7 10. Rd1 h6 (10... e5 {feels hotter.} 11. Nc3 Bg4 12. h3 Bxf3 13. Bxf3 Qc7) 11. Qe2 {[%emt 0:01:59] 11.Nc3 is not played anymore.} Bh7 $1 {[%emt 0:02:19][%mdl 4] [#] is currently scoring better than 11...Qc7.} 12. Bd2 $146 ({Predecessor:} 12. Nc3 Re8 13. e4 Bf8 14. Bf4 Qb6 15. a3 a5 16. Rac1 a4 17. h3 Qa6 18. Qe1 {1-0 (44) Donchenko,A (2599)-Jobava,B (2600) Chess.com INT 2022}) 12... a5 13. Be1 a4 14. a3 Qc7 15. Nc3 e5 16. dxe5 Nxe5 17. Rac1 Nxf3+ 18. Bxf3 Rfd8 19. Rxd8+ Qxd8 {[%emt 0:00:13] The position is equal.} 20. e4 Nd7 21. Rd1 {[%emt 0:02:13] [#] Threatens to win with Bg4.} Qc7 22. Bg2 Nc5 23. f4 Rd8 {[%emt 0:00:22] Weighted Error Value: White=0.10 (very precise) /Black=0.08 (flawless)} 1/2-1/2

[Event "Slovakia Open 2022"]
[Site "Bratislava"]
[Date "2022.10.01"]
[Round "6.3"]
[White "Leniart, Arkadiusz"]
[Black "Slovak, Kilian"]
[Result "1-0"]
[ECO "B22"]
[WhiteElo "2479"]
[BlackElo "2278"]
[Annotator "TA"]
[PlyCount "125"]
[EventDate "2022.09.30"]
[EventCountry "SVK"]
[SourceTitle "playchess.com"]
[Source "ChessBase"]
[SourceQuality "1"]
[TimeControl "2700+10"]

1. e4 c5 2. c3 Nf6 3. e5 Nd5 4. Bc4 e6 5. d4 cxd4 6. cxd4 d6 7. Nf3 Nc6 8. O-O Be7 9. Qe2 O-O 10. a3 {[%emt 0:00:25] 10.Rd1 is a critical line.} Qb6 {[%emt 0:04:23] B22: Sicilian: 2 c3.} 11. Qe4 Na5 12. Nbd2 (12. Bxd5 exd5 13. Qd3 dxe5 14. dxe5 Nb3 $17) 12... Nxc4 {[%emt 0:04:06] The position is equal.} 13. Nxc4 Qa6 {[%emt 0:03:50] [#]} 14. Ne3 $146 ({Predecessor:} 14. Nxd6 Bxd6 15. exd6 f6 16. Bd2 Qxd6 17. Rac1 Bd7 18. Rc5 Rac8 19. Rfc1 Rc6 20. Ne1 {½-½ (60) Kazakos,E (2107)-Kalogeris,I (2385) Chania 2018}) 14... f5 15. Qc2 Nxe3 16. Bxe3 f4 (16... Bd7 $11) 17. Bd2 $14 Bd7 18. Bb4 $1 Qb6 {[%emt 0:05:33] Against Qc7} 19. Rac1 Rfc8 20. Qd2 Rxc1 21. Rxc1 a5 22. Bxd6 Bxd6 23. exd6 Qxd6 24. Ne5 Rf8 25. Qxa5 (25. h3 $16) 25... Qxd4 26. Qc3 Qd5 27. Qc5 {[%emt 0:01:25] Qxd5 is the strong threat.} Qd2 28. Qc3 Qd5 29. h4 h6 30. Ng6 Rf7 {[%emt 0:00:01] Against Ne7+} 31. Qe5 Bc6 32. f3 ({But not} 32. Qb8+ $6 Kh7 33. Rxc6 (33. Nxf4 Rxf4 34. f3 Qd4+ 35. Kh1 e5 36. Kh2 Rxh4+ 37. Kg3 Qf4+ 38. Kf2 Qd2+ 39. Kg3 Rg4+ 40. Kxg4 Qxg2+ 41. Kh4 Qh2+ 42. Kg4 Bd7#) 33... bxc6 34. Nf8+ Kg8 35. Ng6+ Kh7 36. Nf8+ Kg8 37. Ng6+ Kh7 $11) 32... Rd7 (32... Kh7 $16 33. Qxd5 exd5) 33. Qb8+ $18 Rd8 34. Ne7+ (34. Qxf4 $18 {has better winning chances. Black must now prevent Ne7+.} Re8 35. Ne5) 34... Kf7 $16 {[%emt 0:00:09] And now ...Qd4+ would win.} 35. Nxd5 {[%emt 0:00:37] White is much more active.} Rxb8 36. Nxf4 {[%emt 0:00:03][%cal Bd5f4,Bf4e2,Be2c3][%mdl 4128] Endgame KRB-KRN} Rd8 $1 37. Rc2 g5 (37... Rd4 $14 38. Ne2 Rxh4) 38. hxg5 hxg5 39. Ne2 Kf6 40. Kf2 Ba4 {[%emt 0:00:12] [#]} (40... e5 $142) 41. Rc4 $1 Bb5 42. Rd4 Rh8 43. Nc3 Bc6 44. Ne4+ Kf5 45. Rb4 Rd8 46. g4+ Kg6 47. Nc5 (47. Rb6 $18) 47... Rf8 48. f4 ({Don't do} 48. Nxe6 Rxf3+ 49. Ke2 Rf6 $16) 48... gxf4 (48... Bd5 $16 {might work better.}) 49. Nxe6 $18 Rh8 50. Nxf4+ Kg5 (50... Kf6 $142 51. Kg3 Re8) 51. Ne6+ Kf6 52. Nc5 Rh2+ 53. Kg3 Rg2+ 54. Kh3 b5 $2 {[%emt 0:00:22] [#]} (54... Re2 55. Nxb7 Kg5) 55. Nd3 (55. Re4 $142 $1 Rxb2 56. Re6+ Kg7 57. Rxc6) 55... Rd2 56. Nf4 Rd1 57. Ne2 Kg5 58. Kg3 Rd3+ 59. Kf2 Rf3+ 60. Ke1 {[%emt 0:00:03] aiming for Nd4.} Re3 61. Kd2 Re5 62. Nd4 Bd7 (62... Rd5 63. Ke3 Bd7 64. Nf3+ Kf6 65. g5+ Kf7 66. Rf4+ Kg6 67. Rf6+ Kg7) 63. Nf3+ {[%emt 0:00:02] Weighted Error Value: White=0.17 (very precise) /Black=0.22 (precise)} 1-0

[Event "Slovakia Open 2022"]
[Site "Bratislava"]
[Date "2022.10.01"]
[Round "6.4"]
[White "Kostolansky, Sebastian Lukas"]
[Black "Kraus, Tomas"]
[Result "1/2-1/2"]
[ECO "B45"]
[WhiteElo "2398"]
[BlackElo "2479"]
[Annotator "TA"]
[PlyCount "69"]
[EventDate "2022.09.30"]
[EventCountry "SVK"]
[SourceTitle "playchess.com"]
[Source "ChessBase"]
[SourceQuality "1"]
[TimeControl "2700+10"]

1. e4 c5 2. Nf3 e6 3. d4 cxd4 4. Nxd4 Nf6 5. Nc3 Nc6 6. a3 Be7 7. Be3 O-O {[%emt 0:01:21] B45: Sicilian Four Knights.} 8. f3 d5 9. Qd2 {[%emt 0:03:08] [#]} (9. exd5 $11 Nxd5 10. Nxd5 exd5 11. Qd3) 9... dxe4 $146 (9... e5 $1 $17 10. Nxc6 bxc6) ({Predecessor:} 9... e5 10. Nxc6 bxc6 11. Bg5 Be6 12. Bd3 Rb8 13. b4 a5 14. bxa5 Qxa5 15. O-O h6 16. Nxd5 {1-0 (51) Turan,F (1354)-Kazik,O (1888) Antalya 2020}) 10. Nxc6 $11 bxc6 11. Nxe4 Nxe4 12. fxe4 Qxd2+ (12... Qc7 {feels hotter.} 13. Bc4 Rd8 14. Qe2 Qe5) 13. Bxd2 c5 14. O-O-O Bb7 15. Bd3 Rac8 16. c3 c4 17. Bc2 Bc5 {[%emt 0:01:05] Against Be3} 18. Bf4 Rfd8 19. Be5 f6 20. Bd4 Bb6 21. Bxb6 axb6 22. Rxd8+ (22. Ba4 $5 ) 22... Rxd8 23. Rd1 Rxd1+ 24. Kxd1 $15 {[%emt 0:00:02][%mdl 4096] Endgame KB-KB} Kf7 25. Kd2 e5 26. Ke3 Ke6 27. Ba4 Kd6 28. Be8 (28. Bb5 $11) 28... Bc6 ({Black should play} 28... f5 $1 $15 29. exf5 Bxg2) 29. Bf7 $1 $11 {[%emt 0:00:25] The position is equal.} Kc5 30. g3 Ba4 31. Bg8 h6 32. Bf7 Bb3 33. Kf3 Bd1+ 34. Ke3 b5 35. Be8 {[%emt 0:00:22] Weighted Error Value: White=0.14 (very precise) /Black=0.14 (very precise)} 1/2-1/2